| 8 | 0:00 | SCV | |
| 9 | 0:12 | SCV | |
| 10 | 0:24 | SCV | |
| 10 | 0:28 | Supply Depot | |
| 11 | 0:36 | SCV | |
| 12 | 0:48 | SCV | |
| 13 | 0:54 | Barracks | |
| 13 | 1:02 | Refinery | |
| 13 | 1:06 | SCV | |
| 14 | 1:18 | SCV | |
| 15 | 1:30 | SCV | |
| 16 | 1:42 | Orbital Command | |
| 16 | 1:45 | Reaper | |
| 17 | 2:00 | Command Center | |
| 17 | 2:08 | SCV | |
| 18 | 2:14 | Supply Depot | |
| 18 | 2:20 | Marine, SCV | |
| 20 | 2:32 | SCV | |
| 21 | 2:38 | Factory | |
| 21 | 2:39 | Barracks Reactor | |
| 21 | 2:44 | SCV | |
| 22 | 2:56 | SCV | |
| 23 | 3:01 | Command Center | |
| 23 | 3:08 | SCV | |
| 24 | 3:12 | Orbital Command | |
| 24 | 3:21 | SCV | |
| 24 | 3:27 | Starport | |
| 25 | 3:33 | SCV | |
| 26 | 3:34 | Refinery | |
| 26 | 3:39 | SCV | |
| 27 | 3:45 | SCV, Hellion x2 | |
| 27 | 3:47 | Barracks Tech Lab | |
| 32 | 3:51 | SCV | |
| 33 | 3:57 | SCV | |
| 34 | 4:04 | SCV | |
| 34 | 4:07 | Hellion x2 | |
| 34 | 4:09 | SCV | |
| 40 | 4:13 | Banshee | |
| 40 | 4:16 | SCV, Orbital Command | |
| 44 | 4:20 | Marine | |
| 44 | 4:21 | SCV | |
| 46 | 4:31 | SCV | |
| 47 | 4:33 | SCV, Supply Depot | |
| 47 | 4:34 | Hellion | |
| 47 | 4:36 | Hellion | |
| 52 | 4:38 | Barracks Tech Lab | |
| 52 | 4:42 | SCV | |
| 52 | 4:43 | SCV | |
| 55 | 4:45 | SCV | |
| 55 | 4:55 | SCV | |
| 55 | 4:56 | Hellion, Raven | |
| 55 | 4:57 | Supply Depot, Hellion | |
| 55 | 4:58 | Orbital Command | |
| 55 | 4:59 | SCV | |
| 63 | 5:01 | Stimpack | |
| 63 | 5:09 | Barracks | |
| 63 | 5:12 | Barracks | |
| 63 | 5:18 | Marine, SCV x2 | |
| 63 | 5:20 | Supply Depot | |
| 66 | 5:27 | Refinery x2, SCV | |
| 66 | 5:28 | Engineering Bay x2 | |
| 67 | 5:29 | Factory Reactor | |
| 67 | 5:30 | SCV x2 | |
| 69 | 5:36 | Marine | |
| 69 | 5:40 | SCV | |
| 71 | 5:42 | Starport Reactor, SCV x2 | |
| 71 | 5:44 | Supply Depot | |
| 71 | 5:47 | Supply Depot | |
| 73 | 5:52 | SCV | |
| 73 | 5:54 | Marine | |
| 73 | 5:55 | SCV x2 | |
| 77 | 6:00 | Terran Infantry Armor Level 1, Terran Infantry Weapons Level 1 | |
| 77 | 6:03 | Barracks | |
| 77 | 6:04 | SCV, Barracks | |
| 78 | 6:07 | SCV x2 | |
| 78 | 6:16 | SCV | |
| 77 | 6:19 | SCV x2 | |
| 77 | 6:22 | Marine x5 | |
| 84 | 6:27 | Supply Depot | |
| 84 | 6:28 | SCV | |
| 84 | 6:30 | Supply Depot | |
| 84 | 6:31 | SCV x2 | |
| 87 | 6:34 | Medivac | |
| 87 | 6:35 | Medivac | |
| 91 | 6:40 | Marine x3, SCV | |
| 91 | 6:41 | Supply Depot | |
| 95 | 6:47 | Combat Shield | |
| 95 | 6:49 | Siege Tank, SCV x2 | |
| 95 | 6:52 | SCV | |
| 95 | 6:53 | Supply Depot, Barracks Reactor x2 | |
| 101 | 6:54 | Marine | |
| 101 | 6:55 | Marine | |
| 101 | 6:58 | Marine | |
| 101 | 7:01 | SCV x2 | |
| 106 | 7:04 | SCV, Marine | |
| 106 | 7:05 | Marine | |
| 109 | 7:08 | Medivac | |
| 109 | 7:10 | Medivac | |
| 109 | 7:12 | Marine x2 | |
| 109 | 7:13 | SCV x2 | |
| 117 | 7:16 | Marine, Supply Depot, SCV | |
| 117 | 7:17 | Supply Depot | |
| 117 | 7:21 | Armory | |
| 117 | 7:22 | Marine | |
| 119 | 7:25 | Factory, SCV x2 | |
| 119 | 7:28 | SCV | |
| 123 | 7:33 | Refinery x2 | |
| 123 | 7:34 | Marine x4 | |
| 127 | 7:37 | Marine x2 | |
| 127 | 7:38 | Command Center | |
| 127 | 7:40 | Marine x3 | |
| 132 | 7:46 | SCV x3 | |
| 135 | 7:52 | Marine x4, Medivac | |
| 135 | 7:53 | Widow Mine | |
| 135 | 7:57 | Supply Depot x2 | |
| 135 | 7:58 | Marine x3 | |
| 146 | 8:00 | Supply Depot | |
| 146 | 8:02 | Supply Depot | |
| 146 | 8:04 | Marauder | |
| 148 | 8:07 | Marine | |
| 148 | 8:10 | Marine x2, Terran Infantry Weapons Level 2 | |
| 151 | 8:13 | Terran Infantry Armor Level 2 | |
| 151 | 8:17 | Drilling Claws | |
| 151 | 8:18 | Factory Reactor, Marine x3 | |
| 151 | 8:19 | Widow Mine | |
| 156 | 8:21 | Supply Depot | |
| 156 | 8:26 | SCV x3, Marine | |
| 156 | 8:27 | Marine x4 | |
| 155 | 8:29 | Marine | |
| 160 | 8:36 | Marine x3 | |
| 160 | 8:40 | Widow Mine | |
| 165 | 8:41 | Terran Vehicle And Ship Armor Level 1 | |
| 165 | 8:42 | Medivac x2 | |
| 165 | 8:44 | Marine x2 | |
| 165 | 8:47 | Marine x4 | |
| 175 | 8:54 | Marine | |
| 176 | 8:55 | SCV | |
| 176 | 8:56 | SCV | |
| 176 | 8:57 | SCV | |
| 176 | 8:58 | Marine x2 | |
| 176 | 9:02 | Marine x2 | |
| 169 | 9:05 | Marine x4 | |
| 169 | 9:08 | SCV x2 | |
| 169 | 9:09 | SCV | |
| 133 | 9:12 | Marine | |
| 133 | 9:16 | Marine x2 | |
| 127 | 9:18 | Widow Mine x2 | |
| 127 | 9:20 | Marine x2 | |
| 127 | 9:23 | Marine x4, Planetary Fortress | |
| 137 | 9:29 | Marine | |
| 138 | 9:32 | Barracks | |
| 138 | 9:33 | Widow Mine, Barracks, Marine | |
| 138 | 9:34 | Marine | |
| 138 | 9:38 | Barracks | |
| 142 | 9:39 | Widow Mine x2 | |
| 142 | 9:43 | Sensor Tower, Concussive Shells, Marauder | |
| 142 | 9:44 | Sensor Tower, Medivac | |
| 142 | 9:45 | Medivac, Supply Depot | |
| 152 | 9:48 | Marine x6 | |
| 158 | 9:55 | Widow Mine | |
| 160 | 10:01 | Widow Mine, Marine x2 | |
| 160 | 10:04 | Widow Mine, Marauder | |
| 160 | 10:06 | Marine x5 | |
| 173 | 10:13 | Command Center | |
| 173 | 10:16 | Widow Mine | |
| 173 | 10:17 | Command Center | |
| 173 | 10:20 | Barracks Tech Lab x2 | |
| 179 | 10:21 | Liberator x2 | |
| 179 | 10:22 | Widow Mine | |
| 179 | 10:25 | Barracks Tech Lab, Ghost Academy | |
| 179 | 10:26 | Marauder | |
| 179 | 10:28 | Terran Infantry Weapons Level 3 | |
| 185 | 10:40 | Marauder | |
| 185 | 10:41 | Marauder | |
| 177 | 10:47 | Marauder x2 | |
| 179 | 10:50 | Siege Tank, Widow Mine | |
| 179 | 10:51 | Widow Mine | |
| 186 | 11:01 | Command Center, Terran Infantry Armor Level 3 | |
| 192 | 11:12 | Widow Mine x2 | |
| 192 | 11:18 | Ghost x4 | |
| 196 | 11:19 | Command Center | |
| 196 | 11:21 | Command Center, Terran Vehicle And Ship Armor Level 2 | |
| 196 | 11:22 | Refinery x2 | |
| 196 | 11:24 | Fusion Core | |
| 196 | 11:30 | Orbital Command | |
| 196 | 11:33 | Command Center | |
| 196 | 11:46 | Ghost | |
| 196 | 11:47 | Ghost | |
| 196 | 11:51 | Missile Turret | |
| 200 | 11:55 | Planetary Fortress | |
| 198 | 12:04 | Ghost | |
| 199 | 12:11 | Ghost | |
| 199 | 12:15 | Ghost | |
| 198 | 12:19 | Command Center x2 | |
| 198 | 12:20 | Missile Turret | |
| 194 | 12:29 | Orbital Command | |
| 194 | 12:33 | Ghost | |
| 194 | 12:34 | Ghost | |
| 198 | 12:39 | Ghost, Advanced Ballistics | |
| 198 | 12:44 | Missile Turret | |
| 200 | 12:47 | Command Center | |
| 200 | 12:48 | Orbital Command | |
| 200 | 12:49 | Orbital Command | |
| 200 | 12:50 | Orbital Command | |
| 200 | 12:52 | Missile Turret | |
| 200 | 12:54 | Sensor Tower | |
| 200 | 13:04 | Refinery x2 | |
| 200 | 13:06 | Missile Turret, Hi-Sec Auto Tracking, Sensor Tower | |
| 200 | 13:10 | Factory | |
| 200 | 13:19 | Command Center | |
| 200 | 13:21 | Command Center | |
| 200 | 13:23 | Armory | |
| 200 | 13:24 | Personal Cloaking | |
| 200 | 13:29 | Command Center, Missile Turret | |
| 200 | 13:38 | Neosteel Armor | |
| 200 | 13:43 | Ghost | |
| 200 | 13:45 | Ghost x2 | |
| 200 | 13:47 | Ghost | |
| 200 | 13:49 | Missile Turret x3 | |
| 200 | 13:51 | Caduceus Reactor | |
| 192 | 14:01 | Planetary Fortress | |
| 192 | 14:05 | Missile Turret | |
| 192 | 14:10 | Terran Vehicle And Ship Armor Level 3 | |
| 192 | 14:11 | Orbital Command, Missile Turret | |
| 192 | 14:13 | Missile Turret | |
| 192 | 14:16 | Factory Tech Lab | |
| 192 | 14:21 | Terran Vehicle Weapons Level 1 | |
| 192 | 14:25 | Orbital Command | |
| 192 | 14:32 | Siege Tank, Widow Mine x2 | |
| 192 | 14:33 | Orbital Command x2 | |
| 199 | 14:39 | Missile Turret | |
| 199 | 14:40 | Missile Turret | |
| 199 | 14:41 | Missile Turret | |
| 199 | 14:42 | Missile Turret | |
| 199 | 14:45 | Missile Turret | |
| 187 | 15:03 | Siege Tank | |
| 187 | 15:04 | Siege Tank, Widow Mine | |
| 187 | 15:05 | Widow Mine | |
| 191 | 15:19 | Orbital Command | |
| 189 | 15:30 | Command Center | |
| 189 | 15:33 | Missile Turret | |
| 189 | 15:35 | Infernal Pre-Igniter, Smart Servos, Missile Turret | |
| 186 | 15:37 | Hellbat, Siege Tank | |
| 186 | 15:38 | Hellbat, Siege Tank | |
| 196 | 15:45 | Orbital Command | |
| 194 | 15:55 | Command Center | |
| 190 | 16:00 | Hellbat x2 | |
| 190 | 16:02 | Factory | |
| 194 | 16:06 | Factory | |
| 183 | 16:20 | Missile Turret, Orbital Command | |
| 183 | 16:24 | Orbital Command | |
| 183 | 16:48 | Sensor Tower | |
| 183 | 16:49 | Missile Turret x2 | |
| 183 | 16:50 | Orbital Command | |
| 182 | 17:05 | Siege Tank x2, Hellbat x2, Command Center | |
| 192 | 17:10 | Factory Reactor, Factory Tech Lab | |
| 192 | 17:20 | Missile Turret x2, Sensor Tower | |
| 192 | 17:21 | Refinery x2 | |
| 192 | 17:26 | Hellbat x2 | |
| 193 | 17:45 | Orbital Command | |
| 193 | 17:50 | Siege Tank x2 | |
| 193 | 17:51 | Siege Tank | |
| 195 | 17:57 | Orbital Command | |
| 179 | 18:01 | Ghost | |
| 179 | 18:02 | Ghost x3 | |
| 179 | 18:03 | Hellbat x2 | |
| 179 | 18:04 | Hellbat x2, Viking | |
| 179 | 18:05 | Viking | |
| 190 | 18:08 | SCV x4 | |
| 190 | 18:10 | Orbital Command x2, SCV x2 | |
| 194 | 18:21 | Orbital Command | |
| 194 | 18:22 | Refinery, Siege Tank | |
| 194 | 18:23 | Hellbat | |
| 194 | 18:25 | Planetary Fortress | |
| 199 | 19:13 | Planetary Fortress | |
| 197 | 19:17 | Terran Vehicle Weapons Level 2 | |
| 197 | 19:18 | Terran Ship Weapons Level 1, Orbital Command | |
| 197 | 19:22 | Orbital Command | |
| 197 | 19:30 | Refinery | |
| 190 | 19:31 | Refinery | |
| 187 | 19:41 | Thor x2 | |
| 199 | 19:48 | Factory | |
| 199 | 19:56 | Thor | |
| 199 | 19:58 | Hellbat x3 | |
| 199 | 19:59 | Hellbat | |
| 184 | 20:20 | Viking x2 | |
| 183 | 20:23 | Thor | |
| 183 | 20:24 | Thor | |
| 195 | 20:29 | Missile Turret x2 | |
| 195 | 20:30 | Missile Turret | |
| 195 | 20:31 | Missile Turret | |
| 195 | 20:42 | Refinery | |
| 185 | 21:04 | Siege Tank | |
| 185 | 21:07 | Siege Tank x2, Liberator x2 | |
| 187 | 21:23 | Hellbat x4 | |
| 195 | 21:28 | Command Center | |
| 195 | 21:31 | Command Center | |
| 192 | 21:36 | Siege Tank | |
| 192 | 21:39 | Siege Tank | |